 Dungeon Crawl Stone Soup version 0.28.0-61-g67df4f89a8 (webtiles) character file.

Game seed: 6142686884864739403

144 AarnesTheHuman the Chopper (level 5, 0/47 HPs)
             Began as a Hill Orc Fighter on Feb 13, 2023.
             Slain by an ogre
             ... wielding a +0 giant spiked club
              (21 damage)
             ... on level 3 of the Dungeon.
             The game lasted 00:02:37 (2157 turns).

AarnesTheHuman the Chopper (Hill Orc Fighter)       Turns: 2157, Time: 00:02:38

Health: 0/47       AC:  7    Str: 21    XL:     5   Next: 26%
Magic:  0/5        EV:  9    Int:  8    God:
Gold:   71         SH:  4    Dex: 10    Spells: 4/4 levels left

rFire   . . .      SeeInvis .   a - +0 war axe
rCold   . . .      Faith    .   c - +0 buckler
rNeg    . . .      Spirit   +   h - +0 scale mail
rPois   .          Reflect  .   (no helmet)
rElec   .          Harm     .   (no cloak)
rCorr   .          Rampage  .   (no gloves)
Will    .....                   (no boots)
Stlth   ..........              e - amulet of guardian spirit
HPRegen 0.15/turn               (no ring)
MPRegen 0.09/turn               (no ring)

@: no status effects
A: no striking features
a: no special abilities


You were on level 3 of the Dungeon.
You visited 1 branch of the dungeon, and saw 3 of its levels.

You collected 71 gold pieces.

Inventory:

Hand Weapons
 a - a +0 war axe (weapon)
 b - a +0 hunting sling
 o - a +3 whip
Missiles
 k - 33 stones (quivered)
Armour
 c - a +0 buckler (worn)
 h - a +0 scale mail (worn)
Jewellery
 e - an amulet of guardian spirit (around neck)
Scrolls
 f - a scroll of enchant weapon {unknown}
 i - 3 scrolls of vulnerability {unknown}
 j - a scroll of teleportation {unknown}
 m - a scroll of silence {unknown}
 n - 2 scrolls of magic mapping {unknown}
Potions
 d - 2 potions of might
 g - a potion of cancellation {unknown}
 l - 2 potions of degeneration {unknown}
 p - a potion of resistance {unknown}


   Skills:
 + Level 4.5 Fighting
 * Level 4.8 Axes
 + Level 4.1 Armour
 + Level 4.0 Shields


You had 4 spell levels left.
You didn't know any spells.
Your spell library contained the following spells:

 Spells                   Type           Power      Damage    Failure   Level
 Shock                    Conj/Air       0%         1d3       83%         1
 Corpse Rot               Necr/Air       0%         N/A       92%         2
 Static Discharge         Conj/Air       0%         N/A       92%         2
 Dispel Undead            Necr           0%         3d6       100%        4
 Lightning Bolt           Conj/Air       0%         1d11      100%        5
 Death Channel            Necr           0%         N/A       100%        6
 Maxwell's Capacitive Co  Air            0%         ∞         100%        8


Dungeon Overview and Level Annotations

Branches:
Dungeon (3/15)

Altars:
Hepliaklqana


Message History

a +0 flail; an orc corpse An ogre comes into view.
It is wielding a +0 giant spiked club.
Found a book of Displacement.
The ogre shouts!
Okay, then.
You aren't carrying any items that you can evoke.
Unknown command.
Okay, then.
Unknown command.
b - a +0 hunting sling (weapon)
You shoot a stone.
The stone hits the ogre but does no damage.
A goblin comes into view. It is wielding a +0 dagger.
You shoot a stone. The goblin shouts!
The stone hits the ogre but does no damage.
You shoot a stone. The stone barely misses the ogre.
a - a +0 war axe (weapon)
You slash the ogre!
The ogre is moderately wounded.
The ogre barely misses you.
You hit the ogre.
The ogre is moderately wounded.
The ogre misses you. The goblin barely misses you.
You slash the ogre!
The ogre is severely wounded.
You barely miss the goblin.
The ogre hits you with a +0 giant spiked club!!
Ouch! That really hurt!
The goblin hits you but does no damage.
You hit the ogre but do no damage.
The ogre is severely wounded.
You barely miss the goblin. The ogre barely misses you.
The goblin hits you but does no damage.
You barely miss the ogre.
The ogre is severely wounded.
You hit the goblin.
You kill the goblin!
The ogre hits you with a +0 giant spiked club!!
You die...

##########.............#.#
.........#.........#####.#
....$....#.......#..# .#
.........#.......#..#
:.(......#.......##.##
.........#######....>#
.........# #.#####
........)#######.##
........O@........#
..................#
..................#
..................#
.((...............#
########..........#
#..........# #########+##


You could see an ogre.

Vanquished Creatures
  An orc wizard (D:2)
  4 gnolls (D:2)
  2 adders (D:2)
  12 orcs
  4 endoplasms
  A giant cockroach (D:1)
  3 goblins
  6 hobgoblins
  4 jackals
  2 quokkas
  A ball python (D:1)
  3 frilled lizards
  3 kobolds
  5 rats
51 creatures vanquished.

Notes
Turn   | Place    | Note
-------+----------+-------------------------------------------
     0 | D:1      | AarnesTheHuman the Hill Orc Fighter began the quest for the
                  | Orb.
     0 | D:1      | Reached XP level 1. HP: 19/19 MP: 1/1
   150 | D:1      | Reached XP level 2. HP: 27/27 MP: 2/2
   264 | D:1      | Found a faded altar of an unknown god.
   272 | D:1      | Got Plato's Disquisition on Attacks
   904 | D:2      | Reached XP level 3. HP: 33/33 MP: 3/3
  1303 | D:2      | Found a hazy altar of Hepliaklqana.
  1307 | D:2      | Reached XP level 4. HP: 33/40 MP: 4/4
  1882 | D:2      | Reached XP level 5. HP: 45/47 MP: 5/5
  2144 | D:3      | Noticed an ogre
  2157 | D:3      | Slain by an ogre

Illustrated notes

Levels and vault maps discovered:
D:1:      tarquinn_simple_flora_water_f, layout_loops_ring,
          shapermc_ecumenical_altar_rom_forum
D:2:      layout_rooms, basic_altar, st_stairs_10
D:3:      layout_basic

Skill      XL: |  1  2  3  4 |
---------------+-------------+-----
Axes           | 3 4 |  4.8
Fighting       | 4 |  4.5
Armour         | 4 |  4.1
Shields        | 4 |  4.0

Action                   |  1- 3 |  4- 6 || total
-------------------------+-------+-------++-------
Melee: War axe           |    86 |    50 ||   136
 Fire: Hunting sling     |     7 |     3 ||    10
Armor: Scale mail        |    39 |    18 ||    57
Dodge: Dodged            |    41 |    29 ||    70
Block: Buckler           |    15 |    13 ||    28
